 Dungeon Crawl Stone Soup version 0.27-a0-836-gfc908b8576 (webtiles) character file.

Game seed: 2445773509612750313

205 harryhousin the Stinger (level 5, -9/24 HPs)
             Began as a Vine Stalker Venom Mage on Mar 30, 2021.
             Was an Initiate of Gozag.
             Mangled by a gnoll
             ... wielding a +0 flail
              (12 damage)
             ... on level 2 of the Dungeon on Mar 31, 2021.
             The game lasted 00:36:14 (3675 turns).

harryhousin the Stinger (Vine Stalker Venom Mage)   Turns: 3675, Time: 00:36:15

Health: -9/24      AC:  4    Str: 12      XL:     5   Next: 83%
Magic:  0/10       EV: 13    Int: 12 (15) God:    Gozag
Gold:   205        SH:  0    Dex: 19 (20) Spells: 9/10 levels left

rFire    . . .     SeeInvis .   b - +1 dagger
rCold    . . .     Faith    .   (no shield)
rNeg     . . .     Spirit   +   a - +0 robe
rPois    .         Reflect  .   c - +2 hat
rElec    .         Harm     .   (no cloak)
rCorr    .         Rampage  .   (no gloves)
Will     .....                  (no boots)
Stlth    +++.......             (no amulet)
HPRegen  1.08/turn              d - +6 ring of dexterity
MPRegen  0.12/turn              (no ring)

@: very slow
A: fangs 2, regeneration 1, magic shield, antimagic bite, no potion heal 3
a: Renounce Religion, Potion Petition, Call Merchant, Bribe Branch


You were on level 2 of the Dungeon.
You worshipped Gozag.
Gozag was aware of your devotion.
You visited 1 branch of the dungeon, and saw 3 of its levels.

You collected 249 gold pieces.
You paid 44 gold pieces to Gozag.

Inventory:

Hand Weapons
 b - a +1 dagger (weapon)
Armour
 a - a +0 robe (worn)
 c - a +2 hat (worn)
Jewellery
 d - a +6 ring of dexterity (left hand)
Scrolls
 i - 2 scrolls of fog {unknown}
 m - a scroll of amnesia {unknown}
 n - a scroll of identify {unknown}
Potions
 k - a potion of mutation {unknown}
 l - a potion of invisibility {unknown}
 o - a potion of attraction {unknown}


   Skills:
 + Level 2.0 Short Blades
 + Level 2.7 Dodging
 - Level 3.0 Stealth
 - Level 3.0 Spellcasting
 - Level 2.0 Transmutations
 - Level 4.0 Poison Magic


You had 9 spell levels left.
You knew the following spells:

 Your Spells              Type           Power      Damage    Failure   Level
a - Sting                 Tmut/Pois      36%        1d4       7%          1

Your spell library contained the following spells:

 Spells                   Type           Power      Damage    Failure   Level
 Poisonous Vapours        Pois/Air       12%        N/A       16%         2
 Ignite Poison            Fire/Tmut/Pois 6%         N/A       32%         3
 Mephitic Cloud           Conj/Pois/Air  4%         N/A       41%         3
 Olgreb's Toxic Radiance  Pois           11%        N/A       43%         4


Dungeon Overview and Level Annotations

Branches:
Dungeon (3/15)

Altars:
Cheibriados
Elyvilon
Gozag
Okawaru


Innate Abilities, Weirdness & Mutations

You have extremely sharp teeth.
Your natural rate of healing is unusually fast.
When hurt, damage is shared between your health and your magic reserves.
Your bite disrupts and absorbs the magic of your enemies.
Potions cannot restore your health.


Message History

The gnoll closely misses you. The gnoll hits you with a +0 flail.
* * * LOW HITPOINT WARNING * * *
You climb upwards.
There is a stone staircase leading down here.
You hit the gnoll but do no damage. You bite the gnoll. You drain its power.
You feel invigorated.
The gnoll is moderately wounded.
You closely miss the gnoll.
The gnoll is moderately wounded.
The gnoll closely misses you.
You hit the gnoll. You bite the gnoll. You drain its power.
You feel invigorated.
The gnoll is severely wounded.
The gnoll barely misses you.
You hit the gnoll but do no damage.
The gnoll is heavily wounded.
The gnoll completely misses you.
You hit the gnoll but do no damage.
The gnoll is heavily wounded.
The gnoll hits you with a +0 flail.
Casting: Sting (safe; 7% risk of failure)
Confirm with . or Enter, or press ? or * to list all spells.
Aiming: Sting (safe; 7% risk of failure)
Press: ? - help, Shift-Dir - straight line, f - gnoll
Aim: a gnoll, wielding a +0 flail (heavily wounded, 28% to evade)
The sting misses the gnoll.
The gnoll hits you with a +0 flail!
* * * LOW HITPOINT WARNING * * *
You hit the gnoll. You bite the gnoll, but do no damage.
The gnoll is severely wounded.
The gnoll hits you with a +0 flail!
* * * LOW HITPOINT WARNING * * *
You hit the gnoll. Your bite misses the gnoll.
The gnoll is almost dead.
The gnoll closely misses you.
You hit the gnoll but do no damage.
The gnoll is almost dead.
The gnoll hits you with a +0 flail!
Ouch! That really hurt!
You die...
Your body crumbles into a pile of gold.

######### #.......# ###
#...###.#####
##.#####...........###
#.#........###........
####.#####.#####..##.##.
#...<...##........##.##.
#.##.##@#########.##..#.
#.##.##g# #.###.#.
#....##.###### #.###.#.
####.#####......##
#.......
#.......##.)..>..#
#....... ##
#................#
#.###.#.
.######.##.#..###......#
#.##..#† ........##.#..#
#......# #.##.##.
#######.##.#..# #.##)#.#
#.##.##.


You could see a gnoll.

Vanquished Creatures
  An iguana (D:3)
  Terence (D:2)
  6 gnolls (D:3)
  2 adders
  3 worms
  A dart slug (D:1)
  3 ball pythons
  2 endoplasms (D:2)
  2 giant cockroaches (D:2)
  4 goblins
  6 hobgoblins
  8 jackals
  8 kobolds
  3 quokkas (D:2)
  6 bats
  5 frilled lizards
  8 rats
69 creatures vanquished.

Notes
Turn   | Place    | Note
-------+----------+-------------------------------------------
     0 | D:1      | harryhousin the Vine Stalker Venom Mage began the quest for
                  | the Orb.
     0 | D:1      | Reached XP level 1. HP: 9/9 MP: 4/4
   343 | D:1      | Reached XP level 2. HP: 13/13 MP: 4/6
  1439 | D:2      | Reached XP level 3. HP: 12/16 MP: 0/7
  1914 | D:2      | Found a faded altar of an unknown god.
  1936 | D:2      | Became a worshipper of Cheibriados the Contemplative
  1936 | D:2      | Reached * piety under Cheibriados
  2162 | D:2      | Gained mutation: Your natural rate of healing is unusually
                  | fast. [Vine Stalker growth]
  2162 | D:2      | Reached XP level 4. HP: 18/21 MP: 1/9
  2590 | D:3      | Noticed Terence
  2607 | D:2      | Killed Terence
  2607 | D:2      | Reached ** piety under Cheibriados
  2732 | D:3      | Reached skill level 1 in Short Blades
  2732 | D:3      | Reached skill level 4 in Poison Magic
  2732 | D:3      | Reached XP level 5. HP: 24/24 MP: 1/10
  2857 | D:3      | Found a white marble altar of Elyvilon.
  2858 | D:3      | Found an opulent altar of Gozag.
  2862 | D:3      | Fell from the grace of Cheibriados
  2862 | D:3      | Became a worshipper of Gozag Ym Sagoz the Greedy
  2871 | D:3      | Upgraded the game from 0.27-a0-819-g058290f16d to
                  | 0.27-a0-836-gfc908b8576
  3201 | D:3      | Found an iron altar of Okawaru.
  3673 | D:2      | HP: 1/24 [gnoll/+0 flail (5)]
  3675 | D:2      | Mangled by a gnoll

Illustrated notes

Levels and vault maps discovered:
D:1:      ebering_trefoil_twist, layout_basic
D:2:      cheibrodos_helix_gallery, layout_loops_cross,
          chequers_ecumenical_altar_island
D:3:      lemuel_castle_with_subvaults [lemuel_castle_interior_carwin_3],
          layout_loops_cross, old_standard_altar,
          gammafunk_temple_overflow_statue, uniq_terence

Skill      XL: |  1  2  3  4  5 |
---------------+----------------+-----
Stealth        | 3 |  3.0
Spellcasting   | 3 |  3.0
Dodging        | 2 |  2.7
Short Blades   | 1 2 |  2.0
Poison Magic   | 4 |  4.0
Transmutations | 2 |  2.0

Action                   |  1- 3 |  4- 6 || total
-------------------------+-------+-------++-------
Melee: Dagger            |     9 |    34 ||    43
       Bite              |     1 |     9 ||    10
 Cast: Sting             |    70 |    81 ||   151
  Use: Scroll            |       |     3 ||     3
       Potion            |       |     2 ||     2
Armor: Robe              |    13 |    12 ||    25
Dodge: Dodged            |    27 |    79 ||   106

Table legend: (Time is in decaauts)
 A = Elapsed time spent in this place.
 B = Non-inter-level travel time spent in this place.
 C = Inter-level travel time spent in this place.
 D = Time resting spent in this place.
 E = Time spent auto-exploring this place.
 F = Levels seen in this place.
 G = Mean time per level.
                   A        B        C        D        E       F      G
               +--------+--------+--------+--------+--------+-----+--------+
         Total |   4142 |   4065 |     77 |    973 |    858 |   3 | 1380.7 |
       Dungeon |   4142 |   4065 |     77 |    973 |    858 |   3 | 1380.7 |
               +--------+--------+--------+--------+--------+-----+--------+

Top non-repeatable levels by time:
     D:2: 1497 daAuts
     D:1: 1390 daAuts
     D:3: 1254 daAuts
